Arizona Coyotes vs Minnesota North Stars
Created - Sunday, October 13, 2024 at 07:33
Goals
|
| Arizona Coyotes |
0 |
1 |
1 |
2 |
| Minnesota North Stars |
0 |
1 |
2 |
3 |
|
Shots
|
| Arizona Coyotes |
6 |
9 |
14 |
29 |
| Minnesota North Stars |
7 |
8 |
9 |
24 |
|
1st period
No Goal
Penalties :
Brandon Tanev (AZC) for Roughing (Minor) at 10:10, Frank Vatrano (MNS) for Tripping (Minor) at 19:24
2nd period
1. Minnesota North Stars , Jack Hughes 14 (Dylan DeMelo 6, Valeri Nichushkin 27) at 2:09
2. Arizona Coyotes , Ondrej Palat 4 (Erik Haula 13, Mason McTavish 21) at 4:47 (PP)
Penalties :
Neal Pionk (MNS) for Holding (Minor) at 4:36, Evgeni Malkin (MNS) for Slashing (Minor) at 6:46, Neal Pionk (MNS) for Roughing (Minor) at 15:14, Rasmus Dahlin (MNS) for High sticking (Double Minor) at 19:17
3rd period
3. Arizona Coyotes , Mason McTavish 15 (Jared Spurgeon 18, Erik Haula 14) at 7:48 (PP)
4. Minnesota North Stars , Ryan Nugent-Hopkins 9 (William Karlsson 17, Frank Vatrano 21) at 9:25
5. Minnesota North Stars , Lawson Crouse 7 (Gustav Forsling 11, Jack Hughes 19) at 15:58
Penalties :
Jack Hughes (MNS) for Slashing (Minor) at 7:44, Mason McTavish (AZC) for Tripping (Minor) at 12:49
Goalie Stats
Petr Mrazek (AZC), 21 saves from 24 shots - (0.875), L, 15-17-4, 58:45 minutes
Stuart Skinner (MNS), 27 saves from 29 shots - (0.931), W, 10-12-2, 60:00 minutes
Players Stats for Arizona Coyotes
Player Name G A P +/- PIM S H SB GA TA FO MP PP MP PK MP
------------------------------------------------------------------------------------
Anthony Deangelo 0 0 0 -1 0 0 0 0 0 0 0/0 11:57 0:00 0:00
Brandon Tanev 0 0 0 0 2 0 0 0 2 0 0/0 13:13 0:30 0:53
Brayden McNabb 0 0 0 -1 0 0 2 0 0 1 0/0 22:11 5:15 1:52
Charlie Coyle 0 0 0 -1 0 2 1 1 2 0 10/26 21:29 4:48 1:50
Erik Haula 0 2 2 -1 0 4 0 1 1 0 0/1 19:01 4:42 0:00
Jakob Silfverberg 0 0 0 -1 0 0 1 0 0 0 0/0 6:44 0:00 0:23
Jani Hakanpaa 0 0 0 -1 0 1 0 1 0 1 0/0 25:52 4:56 2:06
Jared Spurgeon 0 1 1 -1 0 1 3 0 0 0 0/0 25:52 4:56 2:06
Jayden Struble 0 0 0 0 0 0 0 0 0 0 0/0 0:00 0:00 0:00
Mark Jankowski 0 0 0 -1 0 1 0 0 0 0 1/2 8:07 0:46 0:05
Mason McTavish 1 1 2 -1 2 6 1 0 1 1 13/19 20:20 4:37 0:52
Mats Zuccarello 0 0 0 -1 0 4 0 1 0 1 0/1 20:23 4:48 1:31
Matt Dumba 0 0 0 -1 0 0 1 1 0 2 0/0 11:57 0:00 0:00
Ondrej Palat 1 0 1 -1 0 5 0 0 1 1 0/0 19:06 4:37 0:00
Radko Gudas 0 0 0 -1 0 0 1 1 0 1 0/0 22:11 5:15 1:52
Ross Colton 0 0 0 0 0 2 0 0 0 0 1/3 12:00 0:57 0:00
Tyler Seguin 0 0 0 -2 0 2 0 1 0 1 2/2 23:36 4:48 1:34
Zach Parise 0 0 0 0 0 1 2 0 0 0 0/0 12:01 0:00 0:48
Players Stats for Minnesota North Stars
Player Name G A P +/- PIM S H SB GA TA FO MP PP MP PK MP
------------------------------------------------------------------------------------
Brandon Montour 0 0 0 0 0 1 1 1 0 0 0/0 21:37 2:03 4:50
Brock Nelson 0 0 0 0 0 1 1 0 1 1 0/0 13:38 1:56 0:00
Dylan DeMelo 0 1 1 1 0 0 1 0 0 0 0/0 13:06 0:00 0:20
Evan Rodrigues 0 0 0 0 0 0 1 0 0 1 0/1 6:56 0:00 0:00
Evgeni Malkin 0 0 0 0 2 1 1 0 0 0 7/11 17:23 1:56 3:40
Frank Vatrano 0 1 1 1 2 1 2 0 1 0 0/0 15:09 1:58 0:00
Gustav Forsling 0 1 1 2 0 1 1 1 0 1 0/0 25:26 1:55 5:10
Jack Hughes 1 1 2 2 2 3 2 0 3 1 7/17 14:49 1:58 0:03
Jeff Skinner 0 0 0 0 0 3 0 0 0 0 1/1 10:55 1:56 1:41
Lawson Crouse 1 0 1 2 0 1 3 0 3 0 1/1 17:29 0:04 4:38
Neal Pionk 0 0 0 0 4 1 1 0 0 0 0/0 20:40 2:03 3:27
Rasmus Dahlin 0 0 0 2 4 1 7 1 0 1 0/0 23:04 1:55 2:59
Ryan Nugent-Hopkins 1 0 1 1 0 3 1 2 0 0 0/0 17:30 0:04 4:29
Samuel Girard 0 0 0 1 0 0 1 2 0 0 0/0 16:32 0:00 3:36
Valeri Nichushkin 0 1 1 2 0 2 2 0 0 0 3/3 16:09 1:58 0:06
Viktor Arvidsson 0 0 0 0 0 1 1 0 1 0 0/0 6:56 0:00 0:00
William Karlsson 0 1 1 1 0 1 2 0 0 2 8/20 18:11 0:00 4:33
Yegor Sharangovich 0 0 0 0 0 3 3 0 0 0 0/0 14:13 0:04 1:12
3 Stars
1 - Lawson Crouse (MNS)
2 - Jack Hughes (MNS)
3 - Ryan Nugent-Hopkins (MNS)
Power Play
Arizona Coyotes - 2 on 7 Attempt(s) - 28.57%
Minnesota North Stars - 0 on 2 Attempt(s) - 0.00%
Penalty Kill
Arizona Coyotes - 2 on 2 Attempt(s) - 100.00%
- Score 0 goal in Penalty Kill
Minnesota North Stars - 5 on 7 Attempt(s) - 71.43%
- Score 0 goal in Penalty Kill
Team Stat
Arizona Coyotes - Hits : 12 - Faceoff Wins : 27 - Blocked Shots : 7 - Penalty Minutes : 4
Minnesota North Stars - Hits : 31 - Faceoff Wins : 27 - Blocked Shots : 7 - Penalty Minutes : 14
Official
Referees : Justin St. Pierre and Brandon Blandina
Linesman : Scott Cherrey and Bryan Pancich
Game Notes
No Game Note
Finance
Level 1 -- Attendance: 4404 (73.40%) -- Ticket Income $440,400
Level 2 -- Attendance: 3797 (75.94%) -- Ticket Income $227,820
Level 3 -- Attendance: 2420 (80.67%) -- Ticket Income $84,700
Level 4 -- Attendance: 3592 (71.84%) -- Ticket Income $89,800
Luxury Box -- Attendance: 723 (72.30%) -- Ticket Income $144,600
Game was played at the Met Center.
Total Attendance: 14936 (74.68%)
Total Ticket Income: $987,320
Other Income: $345,562
Total Income: $1,332,882
Arizona Coyotes
5 vs 5 Forward
Center Left Wing Right Wing Time % Phy DF OF
1 Charlie Coyle Mats Zuccarello Tyler Seguin 40 1 1 3
2 Mason McTavish Erik Haula Ondrej Palat 30 1 1 3
3 Ross Colton Zach Parise Brandon Tanev 20 1 3 1
4 Mark Jankowski Jakob Silfverberg Tyler Seguin 10 1 3 1
5 vs 5 Defense
Defense Defense Time % Phy DF OF
1 Jared Spurgeon Jani Hakanpaa 40 1 3 1
2 Radko Gudas Brayden McNabb 35 1 3 1
3 Matt Dumba Anthony Deangelo 25 1 3 1
4 Jared Spurgeon Jani Hakanpaa 0 1 2 2
PowerPlay Forward
Center Left Wing Right Wing Time % Phy DF OF
1 Charlie Coyle Mats Zuccarello Tyler Seguin 50 1 1 3
2 Mason McTavish Erik Haula Ondrej Palat 50 1 1 3
PowerPlay Defense
Defense Defense Time % Phy DF OF
1 Jared Spurgeon Jani Hakanpaa 50 1 1 3
2 Radko Gudas Brayden McNabb 50 1 1 3
Penalty Kill 4 Players Forward
Center Wing Time % Phy DF OF
1 Charlie Coyle Mats Zuccarello 50 1 3 1
2 Tyler Seguin Mason McTavish 50 1 3 1
Penalty Kill 4 Players Defense
Defense Defense Time % Phy DF OF
1 Jared Spurgeon Jani Hakanpaa 50 1 3 1
2 Radko Gudas Brayden McNabb 50 1 3 1
Penalty Kill - 3 Players Forward
Forward Time % Phy DF OF
1 Ross Colton 50 1 3 1
2 Mark Jankowski 50 1 3 1
Penalty Kill - 3 Players Defense
Defense Defense Time % Phy DF OF
1 Matt Dumba Radko Gudas 55 1 3 1
2 Anthony Deangelo Brayden McNabb 45 1 3 1
4 vs 4 Forward
Center Wing Time % Phy DF OF
1 Charlie Coyle Mats Zuccarello 50 0 1 4
2 Tyler Seguin Mason McTavish 50 0 1 4
4 vs 4 Defense
Defense Defense Time % Phy DF OF
1 Jared Spurgeon Jani Hakanpaa 50 0 2 3
2 Radko Gudas Brayden McNabb 50 0 2 3
Last Minutes Offensive
Center Left Wing Right Wing Defense Defense
Charlie Coyle Mats Zuccarello Tyler Seguin Jared Spurgeon Jani Hakanpaa
Last Minutes Defensive
Center Left Wing Right Wing Defense Defense
Charlie Coyle Mats Zuccarello Tyler Seguin Jared Spurgeon Jani Hakanpaa
Goaltenders
Starting : Petr Mrazek
Backup : Carter Hart
Extra Forwards
Normal : Ross Colton, Mark Jankowski, Zach Parise - PP : Ross Colton, Mark Jankowski - PK : Zach Parise
Extra Defensemen
Normal : Matt Dumba, Anthony Deangelo, Radko Gudas - PP : Matt Dumba - PK : Anthony Deangelo, Radko Gudas
Penalty Shots
Charlie Coyle, Mats Zuccarello, Tyler Seguin, Mason McTavish, Erik Haula
Scratches
Ryan Donato (Bruised Right Shoulder Injury), Ondrej Pavel (Healthy), Scott Reedy (Healthy), Elvis Merzlikins (Healthy)
Minnesota North Stars
5 vs 5 Forward
Center Left Wing Right Wing Time % Phy DF OF
1 William Karlsson Ryan Nugent-Hopkins Frank Vatrano 30 1 2 2
2 Evgeni Malkin Brock Nelson Yegor Sharangovich 30 1 2 2
3 Jack Hughes Valeri Nichushkin Lawson Crouse 30 1 2 2
4 Evan Rodrigues Viktor Arvidsson Jeff Skinner 10 1 2 2
5 vs 5 Defense
Defense Defense Time % Phy DF OF
1 Rasmus Dahlin Gustav Forsling 30 1 3 1
2 Neal Pionk Brandon Montour 30 1 3 1
3 Dylan DeMelo Samuel Girard 25 1 3 1
4 Rasmus Dahlin Gustav Forsling 15 1 3 1
PowerPlay Forward
Center Left Wing Right Wing Time % Phy DF OF
1 Jack Hughes Valeri Nichushkin Frank Vatrano 50 1 2 2
2 Evgeni Malkin Brock Nelson Jeff Skinner 50 1 2 2
PowerPlay Defense
Defense Defense Time % Phy DF OF
1 Rasmus Dahlin Gustav Forsling 50 1 2 2
2 Neal Pionk Brandon Montour 50 1 2 2
Penalty Kill 4 Players Forward
Center Wing Time % Phy DF OF
1 William Karlsson Ryan Nugent-Hopkins 50 1 3 1
2 Evgeni Malkin Lawson Crouse 50 1 3 1
Penalty Kill 4 Players Defense
Defense Defense Time % Phy DF OF
1 Rasmus Dahlin Gustav Forsling 50 1 3 1
2 Neal Pionk Brandon Montour 50 1 3 1
Penalty Kill - 3 Players Forward
Forward Time % Phy DF OF
1 Ryan Nugent-Hopkins 50 1 2 2
2 William Karlsson 50 1 2 2
Penalty Kill - 3 Players Defense
Defense Defense Time % Phy DF OF
1 Rasmus Dahlin Gustav Forsling 50 1 3 1
2 Neal Pionk Brandon Montour 50 1 3 1
4 vs 4 Forward
Center Wing Time % Phy DF OF
1 Brock Nelson Lawson Crouse 50 1 2 2
2 Evgeni Malkin Jack Hughes 50 1 2 2
4 vs 4 Defense
Defense Defense Time % Phy DF OF
1 Rasmus Dahlin Gustav Forsling 50 1 3 1
2 Neal Pionk Brandon Montour 50 1 3 1
Last Minutes Offensive
Center Left Wing Right Wing Defense Defense
William Karlsson Valeri Nichushkin Frank Vatrano Rasmus Dahlin Gustav Forsling
Last Minutes Defensive
Center Left Wing Right Wing Defense Defense
William Karlsson Valeri Nichushkin Frank Vatrano Rasmus Dahlin Gustav Forsling
Goaltenders
Starting : Stuart Skinner
Backup : Charlie Lindgren
Extra Forwards
Normal : Ryan Nugent-Hopkins, Yegor Sharangovich, Jeff Skinner - PP : Ryan Nugent-Hopkins, Yegor Sharangovich - PK : Jeff Skinner
Extra Defensemen
Normal : Dylan DeMelo, Samuel Girard, Neal Pionk - PP : Dylan DeMelo - PK : Samuel Girard, Neal Pionk
Penalty Shots
Valeri Nichushkin, William Karlsson, Evgeni Malkin, Jack Hughes, Brock Nelson
Scratches
William Eklund (Healthy), Santtu Kinnunen (Healthy), Eeli Tolvanen (Healthy), Roni Hirvonen (Healthy), Oskari Salminen (Healthy)
% Time on Ice - Arizona Coyotes
Lines # - Real PCT - Wanted PCT - Time Play
Normal Forward
1 - 29% - 40% - 13:05
2 - 33% - 30% - 14:52
3 - 24% - 20% - 10:34
4 - 14% - 10% - 6:21
Normal Defense
1 - 42% - 40% - 18:50
2 - 34% - 35% - 15:04
3 - 24% - 25% - 10:58
4 - 0% - 0% - 0:00
PP Forward
1 - 49% - 50% - 4:58
2 - 51% - 50% - 5:13
PP Defense
1 - 48% - 50% - 4:56
2 - 52% - 50% - 5:15
PK Forward
1 - 38% - 50% - 1:31
2 - 62% - 50% - 2:27
PK Defense
1 - 53% - 50% - 2:06
2 - 47% - 50% - 1:52
PK3 Forward
1 - 0% - 50%
2 - 0% - 50%
PK3 Defense
1 - 0% - 55%
2 - 0% - 45%
44 Forward
1 - 0% - 50%
2 - 0% - 50%
44 Defense
1 - 0% - 50%
2 - 0% - 50%
Last Minute Offensive - 0:59
Last Minute Defensive - 0:00
Total
Forward - 60:00
Defense - 60:00
|
% Time on Ice - Minnesota North Stars
Lines # - Real PCT - Wanted PCT - Time Play
Normal Forward
1 - 28% - 30% - 12:40
2 - 28% - 30% - 12:28
3 - 29% - 30% - 12:49
4 - 15% - 10% - 6:56
Normal Defense
1 - 31% - 30% - 13:56
2 - 32% - 30% - 14:32
3 - 27% - 25% - 12:10
4 - 9% - 15% - 4:15
PP Forward
1 - 50% - 50% - 1:58
2 - 50% - 50% - 2:00
PP Defense
1 - 48% - 50% - 1:55
2 - 52% - 50% - 2:03
PK Forward
1 - 49% - 50% - 5:00
2 - 51% - 50% - 5:11
PK Defense
1 - 50% - 50% - 5:05
2 - 50% - 50% - 5:06
PK3 Forward
1 - 0% - 50%
2 - 0% - 50%
PK3 Defense
1 - 0% - 50%
2 - 0% - 50%
44 Forward
1 - 0% - 50%
2 - 0% - 50%
44 Defense
1 - 0% - 50%
2 - 0% - 50%
Last Minute Offensive - 0:00
Last Minute Defensive - 0:58
Total
Forward - 60:00
Defense - 60:00
|
Play-by-Play
1st period
0:01 of 1st period - William Karlsson wins face-off versus Charlie Coyle in neutral zone.
0:26 of 1st period - Jani Hakanpaa is hit by Rasmus Dahlin and loses puck.
0:59 of 1st period - Snap shot by Jeff Skinner.
0:59 of 1st period - Stopped by Petr Mrazek without a rebound.
1:00 of 1st period - Mark Jankowski wins face-off versus Jack Hughes in Arizona Coyotes zone.
1:09 of 1st period - Wrist shot by Mark Jankowski.
1:09 of 1st period - Stopped by Stuart Skinner with a rebound.
1:51 of 1st period - Slapshot by Frank Vatrano.
1:51 of 1st period - Shot Misses the Net.
2:15 of 1st period - Ondrej Palat is hit by Jack Hughes.
2:39 of 1st period - Wrist shot by Mason McTavish.
2:39 of 1st period - Stopped by Stuart Skinner with a rebound.
3:00 of 1st period - Slapshot by Radko Gudas.
3:00 of 1st period - Shot Blocked by Gustav Forsling.
3:02 of 1st period - Slapshot by Brayden McNabb.
3:02 of 1st period - Deflect By Mason McTavish.
3:02 of 1st period - Shot Misses the Net.
3:02 of 1st period - Puck is out of play.
3:03 of 1st period - Lawson Crouse wins face-off versus Charlie Coyle in Minnesota North Stars zone.
3:30 of 1st period - Frank Vatrano is hit by Zach Parise and loses puck.
4:32 of 1st period - Wrist shot by Viktor Arvidsson.
4:32 of 1st period - Stopped by Petr Mrazek with a rebound.
5:20 of 1st period - Wrist shot by Jack Hughes.
5:20 of 1st period - Stopped by Petr Mrazek with a rebound.
6:08 of 1st period - Radko Gudas is hit by Frank Vatrano and loses puck.
6:54 of 1st period - Mason McTavish is hit by Rasmus Dahlin and loses puck.
7:05 of 1st period - Ryan Nugent-Hopkins is hit by Matt Dumba and loses puck.
7:22 of 1st period - Ross Colton is hit by Evan Rodrigues and loses puck.
8:13 of 1st period - Tyler Seguin is hit by Valeri Nichushkin and loses puck.
8:32 of 1st period - Brayden McNabb is hit by Brock Nelson and loses puck.
8:55 of 1st period - Neal Pionk is hit by Brayden McNabb and loses puck.
9:12 of 1st period - Slapshot by Ryan Nugent-Hopkins.
9:12 of 1st period - Stopped by Petr Mrazek without a rebound.
9:13 of 1st period - William Karlsson wins face-off versus Mason McTavish in Arizona Coyotes zone.
9:18 of 1st period - Snap shot by Ryan Nugent-Hopkins.
9:18 of 1st period - Shot Blocked by Matt Dumba.
9:36 of 1st period - Yegor Sharangovich is hit by Charlie Coyle and loses puck.
9:51 of 1st period - Jared Spurgeon is hit by Lawson Crouse and loses puck.
10:10 of 1st period - Minor Penalty to Brandon Tanev for Roughing.
10:11 of 1st period - Charlie Coyle wins face-off versus Jack Hughes in Arizona Coyotes zone.
10:28 of 1st period - Snap shot by Mason McTavish.
10:28 of 1st period - Shot Misses the Net.
10:58 of 1st period - Charlie Coyle is hit by Gustav Forsling and loses puck.
12:10 of 1st period - Penalty to Brandon Tanev is over, Brandon Tanev is back on ice.
12:14 of 1st period - Brayden McNabb is hit by Lawson Crouse and loses puck.
13:18 of 1st period - Zach Parise is hit by William Karlsson and loses puck.
13:53 of 1st period - Tyler Seguin is hit by Rasmus Dahlin and loses puck.
14:02 of 1st period - Gustav Forsling is hit by Jakob Silfverberg and loses puck.
14:44 of 1st period - Ryan Nugent-Hopkins is hit by Zach Parise and loses puck.
15:08 of 1st period - Jani Hakanpaa is hit by Neal Pionk and loses puck.
15:25 of 1st period - Erik Haula is hit by Rasmus Dahlin and loses puck.
15:36 of 1st period - Zach Parise is hit by Ryan Nugent-Hopkins and loses puck.
15:51 of 1st period - Jani Hakanpaa is hit by Viktor Arvidsson.
15:55 of 1st period - Slapshot by Viktor Arvidsson.
15:55 of 1st period - Shot Blocked by Jani Hakanpaa.
16:04 of 1st period - Icing by Jeff Skinner.
16:05 of 1st period - Valeri Nichushkin wins face-off versus Ross Colton in Minnesota North Stars zone.
16:26 of 1st period - Brandon Montour is hit by Jared Spurgeon and loses puck.
16:33 of 1st period - Snap shot by Erik Haula.
16:33 of 1st period - Stopped by Stuart Skinner with a rebound.
17:00 of 1st period - Slapshot by Yegor Sharangovich.
17:00 of 1st period - Stopped by Petr Mrazek with a rebound.
17:02 of 1st period - Snap shot by Yegor Sharangovich.
17:02 of 1st period - Stopped by Petr Mrazek without a rebound.
17:03 of 1st period - Mason McTavish wins face-off versus William Karlsson in Arizona Coyotes zone.
17:32 of 1st period - Snap shot by Mats Zuccarello.
17:32 of 1st period - Stopped by Stuart Skinner without a rebound.
17:33 of 1st period - Evgeni Malkin wins face-off versus Charlie Coyle in Minnesota North Stars zone.
19:17 of 1st period - Snap shot by Yegor Sharangovich.
19:17 of 1st period - Deflect By Brock Nelson.
19:17 of 1st period - Shot Misses the Net.
19:17 of 1st period - Puck is out of play.
19:18 of 1st period - Mason McTavish wins face-off versus William Karlsson in Arizona Coyotes zone.
19:24 of 1st period - Minor Penalty to Frank Vatrano for Tripping.
19:25 of 1st period - Charlie Coyle wins face-off versus William Karlsson in Minnesota North Stars zone.
19:37 of 1st period - Snap shot by Charlie Coyle.
19:37 of 1st period - Shot Misses the Net.
19:39 of 1st period - Wrist shot by Tyler Seguin.
19:39 of 1st period - Stopped by Stuart Skinner with a rebound.
19:41 of 1st period - Backhand shot by Jared Spurgeon.
19:41 of 1st period - Stopped by Stuart Skinner with a rebound.
19:51 of 1st period - Jared Spurgeon is hit by Lawson Crouse.
19:57 of 1st period - Snap shot by Evgeni Malkin.
19:57 of 1st period - Stopped by Petr Mrazek without a rebound.
19:58 of 1st period - Mason McTavish wins face-off versus Evgeni Malkin in Arizona Coyotes zone.
Goals for this period are 0 for Arizona Coyotes vs 0 for Minnesota North Stars.
Shots for this period are 6 for Arizona Coyotes vs 7 for Minnesota North Stars.
2nd period
0:01 of 2nd period - Evgeni Malkin wins face-off versus Mason McTavish in neutral zone.
0:04 of 2nd period - Radko Gudas is hit by Evgeni Malkin and loses puck.
0:15 of 2nd period - Lawson Crouse is hit by Brayden McNabb and loses puck.
0:38 of 2nd period - Snap shot by Mats Zuccarello.
0:38 of 2nd period - Stopped by Stuart Skinner without a rebound.
0:39 of 2nd period - William Karlsson wins face-off versus Charlie Coyle in Minnesota North Stars zone.
1:24 of 2nd period - Penalty to Frank Vatrano is over, Frank Vatrano is back on ice.
1:57 of 2nd period - Icing by Lawson Crouse.
1:58 of 2nd period - Jack Hughes wins face-off versus Mark Jankowski in Minnesota North Stars zone.
2:05 of 2nd period - Snap shot by Jack Hughes.
2:05 of 2nd period - Shot Misses the Net.
2:07 of 2nd period - Snap shot by Jack Hughes.
2:07 of 2nd period - Stopped by Petr Mrazek with a rebound.
2:09 of 2nd period - Slapshot by Dylan DeMelo.
2:09 of 2nd period - Deflect By Jack Hughes.
2:09 of 2nd period - Goal by Jack Hughes - Arizona Coyotes : 0 - Minnesota North Stars : 1.
2:10 of 2nd period - William Karlsson wins face-off versus Charlie Coyle in neutral zone.
3:02 of 2nd period - Snap shot by Jeff Skinner.
3:02 of 2nd period - Stopped by Petr Mrazek without a rebound.
3:03 of 2nd period - Charlie Coyle wins face-off versus Evan Rodrigues in Arizona Coyotes zone.
4:19 of 2nd period - Snap shot by Ross Colton.
4:19 of 2nd period - Stopped by Stuart Skinner without a rebound.
4:20 of 2nd period - Charlie Coyle wins face-off versus Jack Hughes in Minnesota North Stars zone.
4:36 of 2nd period - Minor Penalty to Neal Pionk for Holding.
4:37 of 2nd period - Mason McTavish wins face-off versus Evgeni Malkin in Minnesota North Stars zone.
4:47 of 2nd period - Snap shot by Erik Haula.
4:47 of 2nd period - Deflect By Ondrej Palat.
4:47 of 2nd period - Goal by Ondrej Palat - Arizona Coyotes : 1 - Minnesota North Stars : 1.
4:48 of 2nd period - Charlie Coyle wins face-off versus William Karlsson in neutral zone.
4:53 of 2nd period - Tyler Seguin is hit by Rasmus Dahlin and loses puck.
5:43 of 2nd period - Wrist shot by Brock Nelson.
5:43 of 2nd period - Stopped by Petr Mrazek without a rebound.
5:44 of 2nd period - Evgeni Malkin wins face-off versus Charlie Coyle in Arizona Coyotes zone.
6:00 of 2nd period - Radko Gudas is hit by Samuel Girard and loses puck.
6:21 of 2nd period - Snap shot by Evgeni Malkin.
6:21 of 2nd period - Shot Blocked by Radko Gudas.
6:46 of 2nd period - Minor Penalty to Evgeni Malkin for Slashing.
6:47 of 2nd period - Charlie Coyle wins face-off versus William Karlsson in Minnesota North Stars zone.
8:46 of 2nd period - Penalty to Evgeni Malkin is over, Evgeni Malkin is back on ice.
10:29 of 2nd period - Snap shot by Evan Rodrigues.
10:29 of 2nd period - Shot Misses the Net.
10:47 of 2nd period - Matt Dumba is hit by Valeri Nichushkin and loses puck.
11:26 of 2nd period - Ross Colton is hit by Jack Hughes and loses puck.
11:37 of 2nd period - Ross Colton is hit by Yegor Sharangovich and loses puck.
12:02 of 2nd period - Snap shot by Charlie Coyle.
12:02 of 2nd period - Shot Misses the Net.
12:04 of 2nd period - Snap shot by Mark Jankowski.
12:04 of 2nd period - Deflect By Mats Zuccarello.
12:04 of 2nd period - Shot Blocked by Ryan Nugent-Hopkins.
12:04 of 2nd period - Puck is out of play.
12:05 of 2nd period - Charlie Coyle wins face-off versus Jack Hughes in Minnesota North Stars zone.
12:06 of 2nd period - Wrist shot by Mats Zuccarello.
12:06 of 2nd period - Stopped by Stuart Skinner with a rebound.
12:08 of 2nd period - Snap shot by Mats Zuccarello.
12:08 of 2nd period - Shot Misses the Net.
12:10 of 2nd period - Slapshot by Charlie Coyle.
12:10 of 2nd period - Stopped by Stuart Skinner without a rebound.
12:11 of 2nd period - Jack Hughes wins face-off versus Charlie Coyle in Minnesota North Stars zone.
12:33 of 2nd period - Icing by Rasmus Dahlin.
12:34 of 2nd period - William Karlsson wins face-off versus Erik Haula in Minnesota North Stars zone.
12:34 of 2nd period - William Karlsson is hit by Radko Gudas.
12:49 of 2nd period - Snap shot by William Karlsson.
12:49 of 2nd period - Deflect By Ryan Nugent-Hopkins.
12:49 of 2nd period - Shot Misses the Net.
12:49 of 2nd period - Puck is out of play.
12:50 of 2nd period - Tyler Seguin wins face-off versus Jack Hughes in Arizona Coyotes zone.
12:57 of 2nd period - Snap shot by Mats Zuccarello.
12:57 of 2nd period - Deflect By Tyler Seguin.
12:57 of 2nd period - Shot Blocked by Brandon Montour.
12:57 of 2nd period - Puck is out of play.
12:58 of 2nd period - Jack Hughes wins face-off versus Charlie Coyle in Minnesota North Stars zone.
13:03 of 2nd period - Slapshot by Brandon Montour.
13:03 of 2nd period - Stopped by Petr Mrazek with a rebound.
13:25 of 2nd period - Snap shot by Ryan Nugent-Hopkins.
13:25 of 2nd period - Stopped by Petr Mrazek without a rebound.
13:26 of 2nd period - William Karlsson wins face-off versus Mason McTavish in Arizona Coyotes zone.
13:51 of 2nd period - Wrist shot by Mason McTavish.
13:51 of 2nd period - Stopped by Stuart Skinner with a rebound.
14:03 of 2nd period - Slapshot by Mason McTavish.
14:03 of 2nd period - Stopped by Stuart Skinner with a rebound.
14:45 of 2nd period - Slapshot by Ondrej Palat.
14:45 of 2nd period - Shot Misses the Net.
14:51 of 2nd period - Snap shot by William Karlsson.
14:51 of 2nd period - Shot Blocked by Erik Haula.
14:53 of 2nd period - Slapshot by Gustav Forsling.
14:53 of 2nd period - Deflect By Jani Hakanpaa.
14:53 of 2nd period - Stopped by Petr Mrazek with a rebound.
14:55 of 2nd period - Wrist shot by William Karlsson.
14:55 of 2nd period - Shot Misses the Net.
14:57 of 2nd period - Snap shot by William Karlsson.
14:57 of 2nd period - Deflect By Frank Vatrano.
14:57 of 2nd period - Stopped by Petr Mrazek without a rebound.
14:58 of 2nd period - Evgeni Malkin wins face-off versus Charlie Coyle in Arizona Coyotes zone.
15:14 of 2nd period - Minor Penalty to Neal Pionk for Roughing.
15:15 of 2nd period - Evgeni Malkin wins face-off versus Charlie Coyle in Minnesota North Stars zone.
15:25 of 2nd period - Wrist shot by Charlie Coyle.
15:25 of 2nd period - Shot Blocked by Samuel Girard.
16:31 of 2nd period - Snap shot by Ross Colton.
16:31 of 2nd period - Shot Misses the Net.
17:14 of 2nd period - Penalty to Neal Pionk is over, Neal Pionk is back on ice.
18:23 of 2nd period - Tyler Seguin is hit by Brandon Montour.
19:17 of 2nd period - Double Minor Penalty to Rasmus Dahlin for High sticking.
19:18 of 2nd period - Mason McTavish wins face-off versus William Karlsson in Minnesota North Stars zone.
19:20 of 2nd period - Wrist shot by Ondrej Palat.
19:20 of 2nd period - Stopped by Stuart Skinner with a rebound.
19:22 of 2nd period - Wrist shot by Ondrej Palat.
19:22 of 2nd period - Shot Blocked by Samuel Girard.
19:24 of 2nd period - Wrist shot by Ondrej Palat.
19:24 of 2nd period - Stopped by Stuart Skinner without a rebound.
19:25 of 2nd period - Mason McTavish wins face-off versus William Karlsson in Minnesota North Stars zone.
Goals for this period are 1 for Arizona Coyotes vs 1 for Minnesota North Stars.
Shots for this period are 9 for Arizona Coyotes vs 8 for Minnesota North Stars.
3rd period
0:01 of 3rd period - Mason McTavish wins face-off versus William Karlsson in neutral zone.
0:04 of 3rd period - Samuel Girard is hit by Jared Spurgeon and loses puck.
0:34 of 3rd period - Wrist shot by Mats Zuccarello.
0:34 of 3rd period - Deflect By Tyler Seguin.
0:34 of 3rd period - Shot Misses the Net.
0:34 of 3rd period - Puck is out of play.
0:35 of 3rd period - Evgeni Malkin wins face-off versus Mason McTavish in Minnesota North Stars zone.
0:50 of 3rd period - Snap shot by Ondrej Palat.
0:50 of 3rd period - Stopped by Stuart Skinner with a rebound.
2:30 of 3rd period - Gustav Forsling is hit by Mason McTavish and loses puck.
3:17 of 3rd period - Penalty to Rasmus Dahlin is over, Rasmus Dahlin is back on ice.
3:18 of 3rd period - Wrist shot by Jeff Skinner.
3:18 of 3rd period - Stopped by Petr Mrazek with a rebound.
3:24 of 3rd period - Wrist shot by Yegor Sharangovich.
3:24 of 3rd period - Shot Misses the Net.
3:26 of 3rd period - Slapshot by Neal Pionk.
3:26 of 3rd period - Stopped by Petr Mrazek without a rebound.
3:27 of 3rd period - Jeff Skinner wins face-off versus Ross Colton in Arizona Coyotes zone.
4:17 of 3rd period - Wrist shot by Charlie Coyle.
4:17 of 3rd period - Stopped by Stuart Skinner with a rebound.
5:11 of 3rd period - Wrist shot by Ryan Nugent-Hopkins.
5:11 of 3rd period - Shot Misses the Net.
5:19 of 3rd period - Jakob Silfverberg is hit by William Karlsson and loses puck.
5:34 of 3rd period - Brayden McNabb is hit by Yegor Sharangovich and loses puck.
5:44 of 3rd period - Icing by Brayden McNabb.
5:45 of 3rd period - Jack Hughes wins face-off versus Mason McTavish in Arizona Coyotes zone.
5:46 of 3rd period - Snap shot by Valeri Nichushkin.
5:46 of 3rd period - Stopped by Petr Mrazek with a rebound.
6:23 of 3rd period - Off-side.
6:24 of 3rd period - Jack Hughes wins face-off versus Charlie Coyle in neutral zone.
7:20 of 3rd period - Snap shot by Mats Zuccarello.
7:20 of 3rd period - Stopped by Stuart Skinner with a rebound.
7:22 of 3rd period - Slapshot by Mats Zuccarello.
7:22 of 3rd period - Deflect By Tyler Seguin.
7:22 of 3rd period - Shot Misses the Net.
7:22 of 3rd period - Puck is out of play.
7:23 of 3rd period - Mason McTavish wins face-off versus Jack Hughes in Minnesota North Stars zone.
7:38 of 3rd period - Wrist shot by Mason McTavish.
7:38 of 3rd period - Shot Misses the Net.
7:44 of 3rd period - Minor Penalty to Jack Hughes for Slashing.
7:45 of 3rd period - Mason McTavish wins face-off versus William Karlsson in Minnesota North Stars zone.
7:46 of 3rd period - Snap shot by Ondrej Palat.
7:46 of 3rd period - Deflect By Erik Haula.
7:46 of 3rd period - Stopped by Stuart Skinner with a rebound.
7:48 of 3rd period - Slapshot by Jared Spurgeon.
7:48 of 3rd period - Deflect By Mason McTavish.
7:48 of 3rd period - Goal by Mason McTavish - Arizona Coyotes : 2 - Minnesota North Stars : 1.
7:49 of 3rd period - William Karlsson wins face-off versus Charlie Coyle in neutral zone.
8:05 of 3rd period - Charlie Coyle is hit by Rasmus Dahlin and loses puck.
8:40 of 3rd period - Jared Spurgeon is hit by Yegor Sharangovich and loses puck.
9:01 of 3rd period - Dylan DeMelo is hit by Jared Spurgeon and loses puck.
9:19 of 3rd period - Off-side.
9:20 of 3rd period - William Karlsson wins face-off versus Mason McTavish in neutral zone.
9:23 of 3rd period - Snap shot by William Karlsson.
9:23 of 3rd period - Shot Misses the Net.
9:25 of 3rd period - Snap shot by Ryan Nugent-Hopkins.
9:25 of 3rd period - Goal by Ryan Nugent-Hopkins - Arizona Coyotes : 2 - Minnesota North Stars : 2.
9:26 of 3rd period - Charlie Coyle wins face-off versus Jack Hughes in neutral zone.
9:30 of 3rd period - Icing by Rasmus Dahlin.
9:31 of 3rd period - Jack Hughes wins face-off versus Charlie Coyle in Minnesota North Stars zone.
10:06 of 3rd period - Slapshot by Mason McTavish.
10:06 of 3rd period - Shot Misses the Net.
10:08 of 3rd period - Wrist shot by Radko Gudas.
10:08 of 3rd period - Deflect By Erik Haula.
10:08 of 3rd period - Stopped by Stuart Skinner without a rebound.
10:09 of 3rd period - Mason McTavish wins face-off versus William Karlsson in Minnesota North Stars zone.
10:12 of 3rd period - Snap shot by Erik Haula.
10:12 of 3rd period - Stopped by Stuart Skinner with a rebound.
10:14 of 3rd period - Slapshot by Mason McTavish.
10:14 of 3rd period - Shot Hit the Post.
10:16 of 3rd period - Snap shot by Jared Spurgeon.
10:16 of 3rd period - Deflect By Mason McTavish.
10:16 of 3rd period - Stopped by Stuart Skinner without a rebound.
10:17 of 3rd period - Mason McTavish wins face-off versus William Karlsson in Minnesota North Stars zone.
10:20 of 3rd period - Snap shot by Ondrej Palat.
10:20 of 3rd period - Shot Misses the Net.
10:30 of 3rd period - Slapshot by William Karlsson.
10:30 of 3rd period - Stopped by Petr Mrazek with a rebound.
10:40 of 3rd period - Snap shot by Mason McTavish.
10:40 of 3rd period - Shot Blocked by Ryan Nugent-Hopkins.
10:42 of 3rd period - Snap shot by Mason McTavish.
10:42 of 3rd period - Stopped by Stuart Skinner with a rebound.
11:06 of 3rd period - Snap shot by Erik Haula.
11:06 of 3rd period - Shot Misses the Net.
11:08 of 3rd period - Slapshot by Jani Hakanpaa.
11:08 of 3rd period - Stopped by Stuart Skinner without a rebound.
11:09 of 3rd period - Charlie Coyle wins face-off versus Evgeni Malkin in Minnesota North Stars zone.
11:14 of 3rd period - Slapshot by Tyler Seguin.
11:14 of 3rd period - Stopped by Stuart Skinner with a rebound.
11:25 of 3rd period - Snap shot by Evgeni Malkin.
11:25 of 3rd period - Shot Blocked by Charlie Coyle.
12:29 of 3rd period - Anthony Deangelo is hit by Dylan DeMelo and loses puck.
12:49 of 3rd period - Minor Penalty to Mason McTavish for Tripping.
12:50 of 3rd period - Tyler Seguin wins face-off versus Evgeni Malkin in Arizona Coyotes zone.
13:06 of 3rd period - Snap shot by Evgeni Malkin.
13:06 of 3rd period - Shot Misses the Net.
13:22 of 3rd period - Slapshot by Jared Spurgeon.
13:22 of 3rd period - Shot Misses the Net.
14:49 of 3rd period - Penalty to Mason McTavish is over, Mason McTavish is back on ice.
15:11 of 3rd period - Wrist shot by William Karlsson.
15:11 of 3rd period - Deflect By Ryan Nugent-Hopkins.
15:11 of 3rd period - Shot Misses the Net.
15:11 of 3rd period - Puck is out of play.
15:12 of 3rd period - Mason McTavish wins face-off versus William Karlsson in Arizona Coyotes zone.
15:20 of 3rd period - Off-side.
15:21 of 3rd period - Mason McTavish wins face-off versus Jack Hughes in neutral zone.
15:30 of 3rd period - Wrist shot by Ondrej Palat.
15:30 of 3rd period - Stopped by Stuart Skinner without a rebound.
15:31 of 3rd period - Jack Hughes wins face-off versus Charlie Coyle in Minnesota North Stars zone.
15:42 of 3rd period - Wrist shot by Valeri Nichushkin.
15:42 of 3rd period - Stopped by Petr Mrazek without a rebound.
15:43 of 3rd period - Charlie Coyle wins face-off versus Jack Hughes in Arizona Coyotes zone.
15:50 of 3rd period - Slapshot by Rasmus Dahlin.
15:50 of 3rd period - Stopped by Petr Mrazek without a rebound.
15:51 of 3rd period - Valeri Nichushkin wins face-off versus Charlie Coyle in Arizona Coyotes zone.
15:52 of 3rd period - Slapshot by Jack Hughes.
15:52 of 3rd period - Shot Blocked by Mats Zuccarello.
15:54 of 3rd period - Snap shot by Lawson Crouse.
15:54 of 3rd period - Shot Misses the Net.
15:56 of 3rd period - Slapshot by Gustav Forsling.
15:56 of 3rd period - Shot Misses the Net.
15:58 of 3rd period - Slapshot by Lawson Crouse.
15:58 of 3rd period - Goal by Lawson Crouse - Arizona Coyotes : 2 - Minnesota North Stars : 3.
15:59 of 3rd period - Valeri Nichushkin wins face-off versus Mats Zuccarello in neutral zone.
16:14 of 3rd period - Wrist shot by Charlie Coyle.
16:14 of 3rd period - Shot Blocked by Rasmus Dahlin.
16:51 of 3rd period - Zach Parise is hit by Frank Vatrano.
17:15 of 3rd period - Icing by Tyler Seguin.
17:16 of 3rd period - Evgeni Malkin wins face-off versus Charlie Coyle in Arizona Coyotes zone.
17:19 of 3rd period - Wrist shot by Brock Nelson.
17:19 of 3rd period - Shot Misses the Net.
17:35 of 3rd period - Wrist shot by Yegor Sharangovich.
17:35 of 3rd period - Deflect By Tyler Seguin.
17:35 of 3rd period - Stopped by Petr Mrazek without a rebound.
17:36 of 3rd period - Ross Colton wins face-off versus Jack Hughes in Arizona Coyotes zone.
18:34 of 3rd period - Mason McTavish is hit by Rasmus Dahlin and loses puck.
18:45 of 3rd period - Arizona Coyotes, Petr Mrazek is pulled from the net.
18:49 of 3rd period - Slapshot by Ross Colton.
18:49 of 3rd period - Stopped by Stuart Skinner with a rebound.
18:51 of 3rd period - Wrist shot by Zach Parise.
18:51 of 3rd period - Stopped by Stuart Skinner with a rebound.
18:57 of 3rd period - Wrist shot by Brandon Tanev.
18:57 of 3rd period - Shot Misses the Net.
19:34 of 3rd period - Snap shot by Brandon Montour.
19:34 of 3rd period - Shot Blocked by Tyler Seguin.
19:40 of 3rd period - Wrist shot by Valeri Nichushkin.
19:40 of 3rd period - Shot Misses the Net.
Goals for this period are 1 for Arizona Coyotes vs 2 for Minnesota North Stars.
Shots for this period are 14 for Arizona Coyotes vs 9 for Minnesota North Stars.
Back to the Top